 Dungeon Crawl Stone Soup version 0.23.0-3-gf3c87f2 (webtiles) character file.

Game seed: 14364185904748745861

1078 xccam the Insei (level 8, 0/50 HPs)
             Began as an Octopode Transmuter on Feb 21, 2019.
             Was an Initiate of Okawaru.
             Slain by an iguana (14 damage)
             ... on level 6 of the Dungeon.
             The game lasted 00:13:14 (6118 turns).

xccam the Insei (Octopode Transmuter)               Turns: 6118, Time: 00:13:15

Health: 0/50       AC:  1    Str: 15    XL:     8   Next: 29%
Magic:  9/11       EV: 14    Int: 16    God:    Okawaru [......]
Gold:   367        SH:  0    Dex: 13    Spells: 8/11 levels left

rFire    . . .     SeeInvis .     - Unarmed
rCold    . . .     Gourm    .   (no shield)
rNeg     . . .     Faith    .   (helmet restricted)
rPois    .         Spirit   .   i - amulet of the acrobat
rElec    .         Reflect  .   q - ring of flight
rCorr    .         Harm     .   (no ring)
MR       .....                  (no ring)
Stlth    +++.......             (no ring)
HPRegen  0.16/turn              (no ring)
MPRegen  0.12/turn              (no ring)
                                (no ring)
                                (no ring)

@: mighty, appendage
A: almost no armour, stealthy swim, amphibious, 8 rings, constrict 8, tentacle
spike 3, camouflage 1, gelatinous body 1
a: End Transformation, Renounce Religion, Evoke Flight


You were on level 6 of the Dungeon.
You worshipped Okawaru.
Okawaru was noncommittal.
You were not hungry.
One of your tentacles had a temporary spike.
You visited 2 branches of the dungeon, and saw 7 of its levels.
You also visited: Sewer.

You collected 367 gold pieces.

Inventory:

Missiles
 a - 110 arrows
Armour
 d - a +0 shield
 k - a +1 buckler
Jewellery
 i - an amulet of the acrobat (around mantle)
 q - a ring of flight (left tentacle)
Wands
 p - a wand of digging (11)
Scrolls
 h - 2 scrolls of enchant armour
 j - 3 scrolls of remove curse
 m - a scroll of identify
 s - 2 scrolls of blinking {unknown}
 t - a scroll of teleportation {unknown}
 w - a scroll of amnesia
 x - a scroll of fear {unknown}
 y - a scroll of immolation {unknown}
Potions
 b - 4 potions of curing
 e - a potion of mutation
 f - a potion of resistance
 g - 2 potions of heal wounds
 l - 2 potions of flight
 n - 2 potions of agility
 o - 2 potions of haste
 r - 2 potions of magic
 u - 2 potions of brilliance
 v - 2 potions of might
Comestibles
 c - 12 rations


   Skills:
 + Level 1.9 Fighting
 + Level 2.6 Dodging
 - Level 1.4 Stealth
 - Level 4.2 Shields
 + Level 6.3 Unarmed Combat
 - Level 2.0 Spellcasting
 + Level 5.7 Transmutations


You had 8 spell levels left.
You knew the following spells:

 Your Spells              Type           Power        Failure   Level  Hunger
a - Beastly Appendage     Tmut           ###...       1%          1    #......
b - Sticks to Snakes      Tmut           ###.....     3%          2    ###....

Your spell library contained the following spells:

 Spells                   Type           Power        Failure   Level  Hunger
 Spider Form              Tmut/Pois      ##........   19%         3    ###....
 Blade Hands              Tmut           ###.......   47%         5    ######.
 Ice Form                 Ice/Tmut       ##......     54%         4    #####..


Dungeon Overview and Level Annotations

Branches:
Dungeon (6/15)             Temple (1/1) D:5

Altars:
Ashenzari
Cheibriados
Dithmenos
Fedhas
Hepliaklqana
Makhleb
Nemelex Xobeh
Okawaru
Qazlal
Sif Muna
Trog
Uskayaw
Vehumet
Wu Jian
Xom
Yredelemnul
Zin
The Shining One

Shops:
D:4 (


Innate Abilities, Weirdness & Mutations

You cannot wear most types of armour.
You are very stealthy in the water. (Stealth+)
You are amphibious.
You can wear up to eight rings at the same time.
You can use your tentacles to constrict eight enemies at once.
Your skin changes colour to match your surroundings (Stealth+).
Your rubbery body absorbs attacks. (AC +1, EV +1)
One of your tentacles bears a large vicious spike.


Message History

* * * LOW HITPOINT WARNING * * *
Okay, then.
You feel much better.
You constrict the iguana.
Your ball python bites the crocodile but does no damage.
The crocodile bites your ball python!!
Your ball python dies!
The iguana barely misses you. Magic courses through your body.
You constrict the iguana. The iguana bites you!
You feel very mighty all of a sudden.
You constrict the iguana, but do no damage.
The iguana closely misses you.
Casting: Beastly Appendage (safe; 1% risk of failure)
Confirm with . or Enter, or press ? or * to list all spells.
You create a snake!
You now have 110 arrows.
You constrict the iguana. The crocodile bites you!
* * * LOW HITPOINT WARNING * * *
The iguana hisses menacingly.
The iguana bites you!
You die...

###.# ##. #.# .. #.##
#.###########
#..##..#?........#
##.#.. #..)......# #.#.#
#.........# ##
#.#.###.S.......# .###
###...##..........#
...#.#.......O.t@......#
......?!..####..l......#
##.###...## ###.#######
.# #.... # ..# ##+#
#....# .#.>..
.+_+.....O##......#
######.##.#......## ###
#.##......###
######.#...#...


You could see a crocodile, an ogre, an iguana and a friendly ball python.

Vanquished Creatures
  An ice beast (D:6)
  2 phantoms
  2 centaurs
  A scorpion (D:6)
  A crimson imp (D:5)
  A hound (D:6)
  A bullfrog skeleton (D:4)
  An orc wizard (D:5)
  2 iguanas
  3 worker ants
  A hound skeleton (D:5)
  A howler monkey skeleton (D:6)
  4 river rats (Sewer)
  7 adders
  3 worms
  2 dart slugs (D:1)
  9 leopard geckos
  5 orcs
  7 giant cockroaches
  11 hobgoblins
  27 kobolds
  5 quokkas
  8 ball pythons
  10 bats
  4 frilled lizards
  6 goblins
  A quokka skeleton (D:4)
  25 rats
151 creatures vanquished.

Vanquished Creatures (collateral kills)
  An ogre (D:5)
  A howler monkey (D:6)
  6 rats (Sewer)
8 creatures vanquished.

Grand Total: 159 creatures vanquished

Notes
Turn   | Place    | Note
-------+----------+-------------------------------------------
     0 | D:1      | xccam the Octopode Transmuter began the quest for the Orb.
     0 | D:1      | Reached XP level 1. HP: 13/13 MP: 3/3
   172 | D:1      | Reached XP level 2. HP: 10/18 MP: 5/5
   532 | D:1      | Learned a level 2 spell: Sticks to Snakes
   580 | D:1      | Reached skill level 4 in Unarmed Combat
   658 | D:1      | Reached XP level 3. HP: 23/23 MP: 4/6
  1497 | D:2      | Found a shimmering altar of Xom.
  1857 | D:3      | Reached XP level 4. HP: 28/28 MP: 5/7
  2792 | D:4      | Found Xuraokk's Weapon Shoppe.
  2836 | D:4      | Reached XP level 5. HP: 20/33 MP: 8/8
  3115 | D:4      | Reached skill level 5 in Unarmed Combat
  3161 | D:4      | Found a glowing drain.
  3165 | Sewer    | Entered a sewer
  3538 | Sewer    | Reached XP level 6. HP: 32/38 MP: 5/9
  4185 | D:5      | Entered Level 5 of the Dungeon
  4330 | D:5      | Reached skill level 6 in Unarmed Combat
  4384 | D:5      | Noticed a phantom
  4405 | D:5      | Killed a phantom
  4405 | D:5      | Reached skill level 5 in Transmutations
  4405 | D:5      | Reached XP level 7. HP: 16/43 MP: 5/10
  4482 | D:5      | Found a burning altar of Makhleb.
  4487 | D:5      | Noticed an Executioner
  4809 | D:5      | Found a snail-covered altar of Cheibriados.
  5126 | D:5      | Reached skill level 1 in Stealth
  5130 | D:5      | Found a staircase to the Ecumenical Temple.
  5144 | Temple   | Entered the Ecumenical Temple
  5191 | Temple   | Became a worshipper of Warmaster Okawaru
  5691 | D:6      | Found a hazy altar of Hepliaklqana.
  5716 | D:6      | Found a shadowy altar of Dithmenos.
  5757 | D:6      | Reached XP level 8. HP: 22/48 MP: 11/11
  6118 | D:6      | Slain by an iguana

Skill      XL: |  1  2  3  4  5  6  7  8 |
---------------+-------------------------+-----
Unarmed Combat | 4 5 6 |  6.3
Transmutations | 3 4 5 |  5.7
Stealth        | 1 |  1.4
Shields        | 3 4 |  4.2
Fighting       | |  1.9
Dodging        | |  2.6
Spellcasting   | |  2.0

Action                   |  1- 3 |  4- 6 |  7- 9 || total
-------------------------+-------+-------+-------++-------
Melee: Unarmed           |    92 |   194 |    78 ||   364
       Constrict         |    30 |    46 |    13 ||    89
       Tentacles         |    14 |    23 |    13 ||    50
       Kick              |     7 |    16 |    15 ||    38
       Punch             |     1 |     9 |     4 ||    14
 Cast: Beastly Appendage |     8 |    17 |     9 ||    34
       Sticks to Snakes  |       |    11 |     4 ||    15
  Use: Scroll            |       |    13 |       ||    13
       Potion            |       |     3 |     4 ||     7
 Stab: Sleeping          |     7 |     9 |     5 ||    21
  Eat: Chunk             |     2 |     5 |     2 ||     9
       Ration            |       |     2 |     1 ||     3
Armor: Skin              |    10 |    10 |       ||    20
Dodge: Dodged            |    65 |   138 |    42 ||   245
